 Dungeon Crawl Stone Soup version 0.20.0-6-gd3061e9 (webtiles) character file.

2397 MDvedh the Grappler (level 9, -2/70 HPs)
             Began as a Naga Transmuter on May 28, 2017.
             Killed by divine providence
             ... invoked by an orc priest
              (10 damage)
             ... on level 7 of the Dungeon.
             The game lasted 00:19:40 (9325 turns).

MDvedh the Grappler (Naga Transmuter)               Turns: 9325, Time: 00:19:40

Health: -2/70      AC:  2    Str: 14    XL:     9   Next: 46%
Magic:  8/12       EV: 19    Int: 14    God:
Gold:   337        SH:  0    Dex: 18    Spells: 6/12 levels left

rFire    . . .     SeeInvis +     - Unarmed
rCold    . . .     Gourm    .   (shield currently unavailable)
rNeg     . . .     Faith    .   (armour currently unavailable)
rPois    x         Spirit   .   (helmet currently unavailable)
rElec    .         Reflect  .   (cloak currently unavailable)
rCorr    .         Harm     .   (gloves currently unavailable)
MR       +....                  (no barding)
Stlth    +++.......             (no amulet)
Regen    0.3/turn               (no ring)
MPRegen  0.2/turn               i - ring of stealth

@: spider-form (expiring)
A: see invisible, slow metabolism 1, spit poison 1, AC +3
a: Spit Poison, End Transformation


You were on level 7 of the Dungeon.
You were not hungry.
You were a venomous arachnid creature.
You visited 2 branches of the dungeon, and saw 10 of its levels.

You collected 337 gold pieces.

Inventory:

Missiles
 a - 43 arrows
 l - 7 tomahawks (quivered)
 w - 5 silver tomahawks
Armour
 p - a +1 helmet (melded)
 t - a +1 leather armour of cold resistance (melded)
Jewellery
 f - an uncursed ring of flight
 i - a ring of stealth (right front leg)
 j - an uncursed ring of ice
 v - an uncursed ring of ice
Wands
 m - a wand of random effects (16/48)
 y - a wand of flame (17/48)
Scrolls
 b - 2 scrolls of identify
 e - 2 scrolls of teleportation
 k - 4 scrolls of amnesia
 n - 3 scrolls of remove curse
 x - 2 scrolls of enchant weapon
 B - a scroll of fog
 C - a scroll of magic mapping {unknown}
Potions
 h - 2 potions of lignification
 o - a potion of brilliance
 r - a potion of ambrosia
 s - 2 potions of flight
 u - a potion of resistance
 A - a potion of berserk rage {unknown}
 H - a potion of magic {unknown}
Books
 c - a book of Changes

   Spells                             Type                      Level
   a - Beastly Appendage              Transmutation                1
   b - Sticks to Snakes               Transmutation                2
   c - Spider Form                    Transmutation/Poison         3
   d - Ice Form                       Ice/Transmutation            4
   e - Blade Hands                    Transmutation                5
 D - a book of Debilitation

   Spells                             Type                      Level
   a - Corona                         Hexes                        1
   b - Slow                           Hexes                        2
   c - Inner Flame                    Hexes/Fire                   3
   d - Portal Projectile              Hexes/Translocation          3
   e - Cause Fear                     Hexes                        4
   f - Leda's Liquefaction            Hexes/Earth                  4
 F - a book of Air

   Spells                             Type                      Level
   a - Shock                          Conjuration/Air              1
   b - Swiftness                      Charms/Air                   2
   c - Static Discharge               Conjuration/Air              3
   d - Airstrike                      Air                          4
   e - Lightning Bolt                 Conjuration/Air              5
Comestibles
 d - 2 bread rations
 g - 3 meat rations
 q - 4 royal jellies
 z - 6 fruits
 G - 3 chunks of flesh


   Skills:
 - Level 1.0 Fighting
 - Level 1.5 Dodging
 * Level 10.5 Unarmed Combat
 - Level 2.0 Spellcasting
 + Level 7.4 Transmutations


You had 6 spell levels left.
You knew the following spells:

 Your Spells              Type           Power        Failure   Level  Hunger
a - Beastly Appendage     Tmut           ###...       5%          1    ##.....
b - Sticks to Snakes      Tmut           ###.....     7%          2    ###....
c - Spider Form           Tmut/Pois      ##........   34%         3    ####...


Dungeon Overview and Level Annotations

Branches:
Dungeon (9/15)             Temple (1/1) D:6
   Lair: D:8-11         Orc: D:9-12

Altars:
Ashenzari
Dithmenos
Elyvilon
Fedhas
Gozag
Hepliaklqana
Kikubaaqudgha
Makhleb
Nemelex Xobeh
Okawaru
Qazlal
Ru
Sif Muna
Trog
Uskayaw
Vehumet
Xom
Zin

Shops:
D:4 =


Innate Abilities, Weirdness & Mutations

You cannot wear boots.
((Your serpentine skin is tough. (AC +3)))
You have supernaturally acute eyesight. (SInv)
((Armour fits poorly on your strangely shaped body.))
((Your system is resistant to poisons. (rPois)))
((You cover ground very slowly.))
You have a slow metabolism.
You can spit poison.


Message History

Your ball python completely misses the orc warrior.
Your ball python constricts the orc warrior.
You feel better.
The orc warrior struggles to escape constriction.
The orc priest hits your ball python with a dagger.
Your ball python dies!
The orc warrior misses you.
The orc priest invokes the aid of Beogh against you.
Beogh smites you!
* * * LOW HITPOINT WARNING * * *
Unknown command.
Unknown command.
Unknown command.
Unknown command.
Unknown command.
The orc warrior completely misses you.
Your transformation is almost over.
The orc priest calls down the wrath of Beogh upon you.
Beogh smites you!
You die...

#.# #..#########
#.# #..# # #.# #
#.# # #.#### #
#.... . #..# #
#######..#
#.o.o.s..#
###.######.#
#...######.#######
#..........>......
#######.##.#####.#
#.##.# #.
#.##.#### ..#
#.#.....##.#.
####.#..........


You could see an orc warrior and an orc priest.

Vanquished Creatures
  The ghost of MirrMurr the Twirler, a novice DsGl of Trog (D:7)
  A sky beast (D:6)
  An ice beast (D:6)
  3 ogres
  A centaur (D:5)
  Blork the orc (D:6)
  A bullfrog (D:7)
  A scorpion (D:5)
  3 wights (D:6)
  2 howler monkeys
  4 crimson imps
  2 hounds (D:6)
  A jelly (D:6)
  A gnoll shaman (D:5)
  2 orc priests (D:4)
  5 orc wizards
  2 bullfrog skeletons
  An iguana (D:4)
  2 worker ants (D:6)
  Robin (D:1)
  10 adders
  10 gnolls
  A shadow imp (D:6)
  3 oozes
  5 worms
  4 leopard geckos
  22 orcs
  A ball python (D:1)
  10 giant cockroaches
  16 goblins
  11 hobgoblins
  8 jackals
  7 kobolds
  3 quokkas
  A ball python skeleton (D:5)
  12 bats
  3 frilled lizards
  A giant cockroach zombie (D:6)
  A jackal zombie (D:5)
  12 rats
177 creatures vanquished.

Vanquished Creatures (collateral kills)
  A wight (D:6)
1 creature vanquished.

Grand Total: 178 creatures vanquished

Notes
Turn   | Place    | Note
-------+----------+-------------------------------------------
     0 | D:1      | MDvedh the Naga Transmuter began the quest for the Orb.
     0 | D:1      | Reached XP level 1. HP: 18/18 MP: 3/3
   410 | D:1      | Reached XP level 2. HP: 25/25 MP: 3/5
   427 | D:1      | HP: 1/25 [jackal (1)]
   891 | D:1      | Reached XP level 3. HP: 18/31 MP: 6/6
  1064 | D:1      | Reached skill level 4 in Unarmed Combat
  1416 | D:1      | Learned a level 2 spell: Sticks to Snakes
  1420 | D:1      | Learned a level 3 spell: Spider Form
  1562 | D:1      | Reached XP level 4. HP: 36/38 MP: 7/7
  1913 | D:2      | Noticed Robin
  2194 | D:1      | Killed Robin
  2508 | D:2      | Found a shimmering altar of Xom.
  3054 | D:2      | You fall through a shaft for 2 floors!
  3058 | D:4      | Noticed an ogre
  3089 | D:4      | Killed an ogre
  3089 | D:4      | Reached skill level 5 in Unarmed Combat
  3089 | D:4      | Reached XP level 5. HP: 34/44 MP: 1/8
  3441 | D:4      | Reached XP level 6. HP: 39/51 MP: 6/9
  3854 | D:4      | Found a radiant altar of Vehumet.
  3966 | D:4      | Reached skill level 6 in Unarmed Combat
  4137 | D:4      | Found Zefy's Jewellery Boutique.
  4310 | D:5      | Entered Level 5 of the Dungeon
  4345 | D:5      | Reached XP level 7. HP: 57/57 MP: 6/10
  4751 | D:5      | Reached skill level 7 in Unarmed Combat
  4987 | D:5      | Reached skill level 5 in Transmutations
  5758 | D:6      | Noticed Blork the orc
  5761 | D:6      | You fall through a shaft for 3 floors!
  5765 | D:9      | Found a shadowy altar of Dithmenos.
  5840 | D:7      | Noticed MirrMurr's ghost (novice DsGl)
  6047 | D:6      | Killed Blork the orc
  6047 | D:6      | Reached XP level 8. HP: 56/64 MP: 7/11
  6250 | D:6      | Reached skill level 8 in Unarmed Combat
  6297 | D:6      | HP: 4/96 [wight/enchanted spear (5)]
  6311 | D:6      | HP: 4/96 [wight/enchanted spear (3)]
  6976 | D:6      | Reached skill level 9 in Unarmed Combat
  7210 | D:6      | Found a staircase to the Ecumenical Temple.
  7520 | Temple   | Entered the Ecumenical Temple
  7918 | D:3      | You fall through a shaft!
  7947 | D:3      | Found a shattered altar of Ashenzari.
  8404 | D:5      | Reached XP level 9. HP: 70/70 MP: 12/12
  8442 | D:6      | Found a hide-covered altar of Uskayaw.
  9248 | D:7      | Killed MirrMurr's ghost
  9248 | D:7      | Reached skill level 10 in Unarmed Combat
  9325 | D:7      | Killed from afar by an orc priest

Skill      XL: |  1  2  3  4  5  6  7  8  9 |
---------------+----------------------------+-----
Unarmed Combat | 4 5 6 7 9 10 | 10.5
Transmutations | 3 4 5 6 7 |  7.4
Fighting       | |  1.0
Dodging        | |  1.5
Spellcasting   | |  2.0

Action                   |  1- 3 |  4- 6 |  7- 9 || total
-------------------------+-------+-------+-------++-------
Melee: Unarmed           |   113 |   216 |   380 ||   709
       Headbutt          |     5 |     1 |       ||     6
       Punch             |       |     7 |     8 ||    15
Throw: Tomahawk          |       |       |     1 ||     1
 Cast: Beastly Appendage |     9 |     2 |       ||    11
       Sticks to Snakes  |       |     6 |    13 ||    19
       Spider Form       |       |     6 |    12 ||    18
 Abil: Spit Poison       |     2 |     5 |    12 ||    19
  Use: Potion            |     1 |     2 |     3 ||     6
       Scroll            |       |     4 |     9 ||    13
 Stab: Sleeping          |       |     3 |     4 ||     7
       Distracted        |       |     1 |       ||     1
  Eat: Chunk             |     1 |     8 |     6 ||    15
       Bread ration      |       |       |     3 ||     3
Armor: Robe              |    29 |    31 |       ||    60
       Leather armour    |       |    16 |   112 ||   128
       Skin              |       |       |    25 ||    25
Dodge: Dodged            |    87 |   107 |   182 ||   376
